cohdb
Replays
Latest Replays
All Replays
Popular Replays
Top Player Replays
Match Explorer
How It Works
Community
CoH3 Stats
Reddit
Sign in to upload your games and track your stats! →
Sign in with Steam
Match 41288034
Unlisted
Match 41288034
Overview
Messages
Build Orders
End
Kradschützen Motorcycle Team
Selects Battlefield Espionage Battlegroup
Panzergrenadier Squad
Panzergrenadier Squad
Construct Light Support Kompanie
MG34 Team
Fire Support Elements
Selects 250/3 Funkpanzerwagen
250/3 Funkpanzerwagen
Assault Mechanized Group
2.5-tonne Medical Truck
Panzergrenadier Squad
Selects Intel Disruption Beacon
Combat Half-tracks
250/3 Funkpanzerwagen
Selects Anti-Tank Incendiary Munitions
2.5-tonne Medical Truck
Selects Plunder
Panzerpioneer Squad
Construct Panzerarmee Kommand
Panzer III L Medium Tank
Guardians_folly
TARAM
[gambling addict]
LichKing
0
0
Comments
sign in to comment!
No comments posted yet!